 Seeded DCSS version 0.29.1-15-g9cfb28693d (webtiles) character file.

Game seed: 1 (custom seed)

7177 Kazon the Carver (level 11, -1/86 HPs)
             Began as a Barachi Fighter on Apr 10, 2023.
             Was an Elder of Okawaru.
             Killed from afar by an acid dragon (24 damage)
             ... with a splash of acid
             ... on level 10 of the Dungeon.
             The game lasted 00:39:52 (7866 turns).

Kazon the Carver (Barachi Fighter)                  Turns: 7866, Time: 00:39:53

Health: -1/86      AC: 16    Str: 18    XL:     11   Next: 11%
Magic:  13/13      EV: 14    Int:  6    God:    Okawaru [****..]
Gold:   599        SH:  5    Dex: 13    Spells: 10/10 levels left

rFire   . . .      SeeInvis .   x - +1 long sword (protect)
rCold   + + .      Faith    .   c - +0 buckler
rNeg    + . .      Spirit   .   B - +3 leather armour {rC+}
rPois   .          Reflect  .   l - +0 helmet
rElec   +          Harm     .   (no cloak)
rCorr   .          Rampage  +   (no gloves)
Will    .....                   f - +0 pair of boots of the Five Spines {Rampage rElec Int-5}
Stlth   ++........              g - amulet of the acrobat
HPRegen 0.24/turn               s - ring of positive energy
MPRegen 0.13/turn               n - ring of protection from cold

@: under a protective aura, slow
A: amphibious, slowness 1, strong legs 1, +LOS
a: Hop, Renounce Religion, Heroism, Finesse


You were on level 10 of the Dungeon.
You worshipped Okawaru.
Okawaru was greatly pleased with you.
You visited 2 branches of the dungeon, and saw 11 of its levels.

You collected 641 gold pieces.
You spent 42 gold pieces at shops.

Inventory:

Hand Weapons
 e - a +2 dagger of venom
 x - a +1 long sword of protection (weapon)
Missiles
 m - 14 boomerangs
 r - a throwing net
 v - 8 stones (quivered)
 E - 12 poisoned darts
 G - 3 curare-tipped darts
 O - 3 atropa-tipped darts
Armour
 c - a +0 buckler (worn)
 f - the +0 pair of boots of the Five Spines (worn) {Rampage rElec Int-5}
   (You acquired it on level 1 of the Dungeon)

   Int:       It affects your intelligence (-5).
   rElec:     It insulates you from electricity.
   Rampage:   It bestows one free step when moving towards enemies.
 l - a +0 helmet (worn)
 B - a +3 leather armour of cold resistance (worn)
Jewellery
 g - an amulet of the acrobat (around neck)
 n - a ring of protection from cold (right hand)
 s - a ring of positive energy (left hand)
 N - a ring of protection from cold
Wands
 z - a wand of mindburst (15)
 A - a wand of flame (11)
 H - a wand of paralysis (16)
 J - a wand of roots (6)
Scrolls
 i - 11 scrolls of identify
 k - a scroll of magic mapping {unknown}
 o - a scroll of immolation
 p - a scroll of poison {unknown}
 q - 3 scrolls of fog {unknown}
 u - 3 scrolls of teleportation
 y - 2 scrolls of noise {unknown}
 D - 2 scrolls of enchant weapon {unknown}
 I - 3 scrolls of fear
 K - a scroll of amnesia {unknown}
 M - a scroll of summoning {unknown}
Potions
 a - a potion of ambrosia
 b - 4 potions of berserk rage {unknown}
 d - 2 potions of might
 h - 2 potions of flight
 j - 3 potions of attraction
 t - 5 potions of lignification {unknown}
 w - 2 potions of haste {unknown}
 C - 2 potions of cancellation
 F - 2 potions of curing
Miscellaneous
 L - a condenser vane


   Skills:
 + Level 8.1 Fighting
 + Level 5.8(8.1) Short Blades
 + Level 9.6(10.4) Long Blades
 + Level 4.8 Throwing
 + Level 8.0 Armour
 + Level 6.5 Dodging
 + Level 4.4 Stealth
 + Level 6.8 Shields
 * Level 3.4 Invocations
 * Level 5.1 Evocations


You had 10 spell levels left.
You didn't know any spells.
Your spell library contained the following spells:

 Spells                   Type           Power      Damage    Failure   Level
 Apportation              Tloc           0%         N/A       58%         1
 Magic Dart               Conj           0%         1d3       58%         1
 Necrotise                Necr           0%         1d4       58%         1
 Sting                    Tmut/Pois      0%         1d3       58%         1
 Poisonous Vapours        Pois/Air       0%         N/A       73%         2
 Mephitic Cloud           Conj/Pois/Air  0%         N/A       91%         3
 Ozocubu's Armour         Ice            0%         N/A       91%         3
 Olgreb's Toxic Radiance  Pois           0%         N/A       100%        4
 Fireball                 Conj/Fire      0%         3d3       100%        5
 Iskenderun's Battlesphe  Conj           0%         2d6       100%        5
 Metabolic Englaciation   Hex/Ice        0%         N/A       100%        5
 Conjure Ball Lightning   Conj/Air       0%         3x3d6     100%        6
 Orb of Destruction       Conj           0%         9d5       100%        7
 Summon Small Mammal      Summ           Unusable   N/A       N/A         1
 Call Imp                 Summ           Unusable   N/A       N/A         2
 Simulacrum               Ice/Necr       Unusable   N/A       N/A         6

Dungeon Overview and Level Annotations

Branches:
Dungeon (10/15)            Temple (1/1) D:7            Lair (0/5) D:10
    Orc: D:9-12

Altars:
Ashenzari
Dithmenos
Elyvilon
Fedhas
Gozag
Hepliaklqana
Makhleb
Nemelex Xobeh
Okawaru
Qazlal
Uskayaw
Xom

Shops:
D:3 (   D:8 ?(==


Innate Abilities, Weirdness & Mutations

You are amphibious.
You cover ground slowly.
You can hop short distances.
You have an extended range of vision and can be seen from far away.


Message History

There is an open door here.
Your +2 dagger of venom stops dripping with poison.
Your +1 long sword of protection hums with potential!
x - a +1 long sword of protection (weapon)
An electric eel comes into view.
A troll comes into view.
Found a staircase to the Lair.
The hound barks! x2
The electric eel shoots out a bolt of lightning at you!
The bolt of electricity misses you.
You rampage towards the hound!
An acid dragon comes into view.
The electric eel shoots out a bolt of lightning at you!
The bolt of electricity misses you.
The hound barks!
As you read the scroll labelled ZARRYHUSHRE, it crumbles to dust.
The creatures around you are filled with an inner flame!
It was a scroll of immolation.
The hound barks!
The troll shouts!
The electric eel shoots out a bolt of lightning at you!
The bolt of electricity hits you. You resist.
The hound barks!
The wolf howls!
You hit the electric eel.
Flame seeps out of the electric eel.
Your weapon exudes an aura of protection.
The electric eel is moderately wounded.
The electric eel is engulfed in blazing flames.
Okawaru accepts your kill.
The electric eel explodes!
The fiery explosion engulfs you!!
* * * LOW HITPOINT WARNING * * *
You are engulfed in a cloud of scalding steam.
Aiming: Throw Flame
Press: ? - help, Shift-Dir - straight line, f - hound
Aim: a hound (inner flame, 64% to hit)
The puff of flame hits the wolf!
Flame seeps out of the wolf.
The wolf is heavily wounded.
The wolf is engulfed in blazing flames.
Flame seeps out of the wolf.
The acid dragon spits acid at you. The splash of acid hits you!!
You die...

~~~~~~.~...~≈≈.~~~
.........>..~≈~~..
≈≈~≈DTh..h.~~≈~~.~
≈≈≈≈≈≈≈hhhh.~≈≈~..
≈≈≈≈.≈≈§≈≈≈~≈≈~.~.
.~~.~≈≈≈§≈≈≈≈~≈≈..
~~..~≈§§§§≈≈≈..~~.
.~.~..§°§≈≈≈≈.....
......§§§@~~~~....
..####.#.#.###########
#.#.+.#..##.....# #
#.#.#...#..#..#
#.#.#...#.....#
#.#.#...#.....#
#.#.#...#.....#
#...#...#..#..#####
#...#...#..#..#....


You could see a troll (inner flame), an acid dragon (inner flame, catching
breath), a wolf (inner flame) and 5 hounds.

Vanquished Creatures
  A two-headed ogre (D:9)
  Maggie (D:6)
  Prince Ribbit (D:9)
  A shadow (D:9)
  A vampire (D:10)
  A yak (D:6)
  2 wyverns
  Eustachio (D:5)
  2 steam dragons
  Menkaure (D:5)
  Edmund (D:6)
  4 water moccasins
  4 orc warriors
  An ice beast (D:8)
  5 sky beasts
  2 black bears (D:6)
  4 centaurs
  An ogre (D:6)
  2 phantoms (D:6)
  2 kobold brigands
  3 necrophages
  A bullfrog (Temple)
  A gnoll sergeant (D:7)
  5 scorpions
  14 wights
  An electric eel (D:10)
  A howler monkey (D:5)
  2 jellies (D:6)
  A hound (D:4)
  7 orc priests
  A gnoll bouda (D:7)
  6 iguanas
  2 orc wizards (D:9)
  Robin (D:3)
  15 gnolls
  12 adders
  3 shadow imps
  2 white imps (D:7)
  An ufetubus (D:5)
  3 worms
  34 orcs
  11 endoplasms
  A giant cockroach (D:1)
  16 goblins
  9 hobgoblins
  A jackal (D:4)
  17 kobolds
  2 quokkas
  5 ball pythons
  4 bats
  3 frilled lizards
  6 rats
229 creatures vanquished.

Notes
Turn   | Place    | Note
-------+----------+-------------------------------------------
     0 | D:1      | Kazon the Barachi Fighter began the quest for the Orb.
     0 | D:1      | Reached XP level 1. HP: 18/18 MP: 1/1
    37 | D:1      | Identified a scroll of acquirement
    37 | D:1      | Acquired the +0 pair of boots of the Five Spines {Rampage
                  | rElec Int-5}
   117 | D:1      | Reached XP level 2. HP: 2/25 MP: 2/2
   697 | D:2      | Reached skill level 3 in Long Blades
   697 | D:2      | Reached XP level 3. HP: 28/30 MP: 3/3
  1220 | D:2      | Reached XP level 4. HP: 38/38 MP: 4/4
  1257 | D:2      | Reached skill level 4 in Long Blades
  1449 | D:3      | Found Umat's Antique Weapon Boutique.
  1615 | D:3      | Noticed Robin
  1628 | D:3      | Killed Robin
  1629 | D:3      | Reached XP level 5. HP: 10/41 MP: 5/5
  2084 | D:3      | Reached skill level 6 in Long Blades
  2084 | D:3      | Reached skill level 5 in Shields
  2084 | D:3      | Reached XP level 6. HP: 53/53 MP: 6/6
  2437 | D:4      | Reached XP level 7. HP: 34/59 MP: 7/7
  2941 | D:4      | Found a hazy altar of Hepliaklqana.
  3190 | D:5      | Entered Level 5 of the Dungeon
  3230 | D:5      | Reached skill level 5 in Short Blades
  3359 | D:5      | Noticed Eustachio
  3383 | D:5      | Killed Eustachio
  3395 | D:5      | Reached skill level 1 in Evocations
  3395 | D:5      | Reached XP level 8. HP: 46/65 MP: 8/8
  3733 | D:5      | Noticed Menkaure
  3746 | D:5      | Killed Menkaure
  3747 | D:5      | Reached skill level 5 in Dodging
  4200 | D:6      | Reached XP level 9. HP: 21/72 MP: 9/9
  4246 | D:6      | Reached skill level 7 in Long Blades
  4318 | D:7      | Found a staircase to the Ecumenical Temple.
  4328 | Temple   | Entered the Ecumenical Temple
  4526 | Temple   | Became a worshipper of Warmaster Okawaru
  4611 | D:7      | Found a hide-covered altar of Uskayaw.
  4834 | D:6      | Noticed Maggie
  4861 | D:6      | Killed Maggie
  4976 | D:6      | Noticed Edmund
  4980 | D:6      | Killed Edmund
  5033 | D:6      | Reached skill level 1 in Invocations
  5169 | D:6      | Reached * piety under Okawaru
  5345 | D:6      | Reached XP level 10. HP: 62/79 MP: 11/11
  5351 | D:6      | Reached skill level 8 in Long Blades
  5521 | D:6      | Reached ** piety under Okawaru
  6011 | D:7      | Found a white marble altar of Elyvilon.
  6288 | D:8      | Found Quzidd's Magic Scroll Emporium.
  6306 | D:8      | Bought a scroll of teleportation for 42 gold pieces
  6375 | D:8      | Found Esumer's Weapon Shop.
  6751 | D:8      | Reached skill level 9 in Long Blades
  6872 | D:8      | Found Heidghoki's Jewellery Shop.
  6958 | D:8      | Found Zoxtaeshakh's Jewellery Boutique.
  7069 | D:9      | Noticed Prince Ribbit
  7086 | D:9      | Killed Prince Ribbit
  7308 | D:9      | Reached *** piety under Okawaru
  7466 | D:9      | Reached skill level 5 in Evocations
  7712 | D:9      | Noticed a two-headed ogre
  7723 | D:9      | Killed a two-headed ogre
  7723 | D:9      | Reached **** piety under Okawaru
  7724 | D:9      | Reached XP level 11. HP: 27/86 MP: 13/13
  7741 | D:9      | Received a gift from Okawaru
  7784 | D:10     | Entered Level 10 of the Dungeon
  7861 | D:10     | Found a staircase to the Lair.
  7866 | D:10     | Killed from afar by an acid dragon

Illustrated notes

Levels and vault maps discovered:
D:1:      dpeg_arrival_three_smaller_balls, layout_basic
D:2:      layout_loops_ring
D:3:      layout_basic, serial_shops, nicolae_shop_stone, st_stairs_9,
          minmay_misc_feat_doors, eino_curves_03, uniq_robin
D:4:      minmay_wonky_spiral, layout_basic,
          mainiacjoe_overflow_surrounded_room, minivault_5
D:5:      layout_cave_pods, uniq_menkaure, uniq_eustachio
D:6:      cheibrodos_barr_body, layout_basic, minmay_crystal_room,
          minmay_pentangle, uniq_maggie, uniq_edmund
D:7:      layout_cave_pools, nicolae_uskayaw_murder_on_the_dancefloor,
          elyvilon_altar_4, minmay_temple_entry_purple_smoke
D:8:      layout_basic, serial_shops, shop_statue, kennysheep_little_box, shop,
          nicolae_shop_window_shopping
D:9:      layout_cave_pools, uniq_prince_ribbit1
D:10:     layout_stronghold, erik_lair_island, serial_shops,
          nicolae_shop_statue_plus, uniq_erolcha
Temple:   nicolae_temple_bog_church

Skill      XL: |  1  2  3  4  5  6  7  8  9 10 |
---------------+-------------------------------+-----
Fighting       | 4 6 7 8 |  8.1
Long Blades    | 3 4 6 7 9 |  9.6
Armour         | 4 7 8 |  8.0
Short Blades   | 4 5 |  5.8
Throwing       | 3 4 |  4.8
Dodging        | 4 5 6 |  6.5
Stealth        | 3 4 |  4.4
Shields        | 5 6 |  6.8
Evocations     | 1 2 4 5 |  5.1
Invocations    | 2 3 |  3.4

Action                   |  1- 3 |  4- 6 |  7- 9 | 10-12 || total
-------------------------+-------+-------+-------+-------++-------
Melee: Long sword        |    87 |       |   252 |   336 ||   675
       Dagger            |    11 |   118 |   194 |    39 ||   362
Throw: Stone             |     9 |    17 |    27 |    52 ||   105
       Boomerang         |       |     1 |     5 |    10 ||    16
       Dart              |       |       |       |     8 ||     8
Invok: Heroism           |       |       |       |     4 ||     4
 Abil: Hop               |     1 |       |       |       ||     1
Evoke: Wand              |       |       |     5 |     1 ||     6
  Use: Scroll            |     1 |       |     3 |     2 ||     6
       Potion            |       |     1 |     3 |     2 ||     6
 Stab: Sleeping          |       |       |     4 |     9 ||    13
Armor: Scale mail        |    39 |    27 |    36 |       ||   102
       Leather armour    |       |       |   105 |   118 ||   223
Dodge: Dodged            |    71 |    45 |   247 |   215 ||   578
Block: Buckler           |    17 |    15 |   108 |    78 ||   218
